 Dungeon Crawl Stone Soup version 0.18.1-50-g88ac8fd (webtiles) character file.

98 Lukeanator the Sneak (level 4, 0/30 HPs)
             Began as a Vampire Enchanter on Oct 27, 2016.
             Slain by an orc priest
             ... wielding a +2 hand axe of chopping
              (1 damage)
             ... on level 3 of the Dungeon.
             The game lasted 00:14:39 (2746 turns).

Lukeanator the Sneak (Vampire Enchanter)            Turns: 2746, Time: 00:14:40

Health: 0/30       AC:  3    Str:  7    XL:     4   Next: 44%
Magic:  1/7        EV: 13    Int: 17    God:
Gold:   129        SH:  0    Dex: 15    Spells: 2 memorised, 4 levels left

rFire  + . .     SeeInvis +     n - +1 dagger (speed)
rCold  + . .     Gourm    .     b - +1 robe
rNeg   + + .     Faith    .     (no shield)
rPois  +         Spirit   .     (no helmet)
rElec  .         Dismiss  .     (no cloak)
rCorr  .         Reflect  .     (no gloves)
SustAt .         Harm     .     (no boots)
MR     .....                    (no amulet)
Stlth  +++.......               m - ring of flight
                                l - ring of protection from fire

@: very slightly contaminated, regenerating slowly, not resistant to hostile
enchantments, fairly stealthy
A: fangs 3, see invisible, unbreathing
a: Bat Form, Evoke Flight


You were on level 3 of the Dungeon.
You were very thirsty.

You visited 1 branch of the dungeon, and saw 3 of its levels.

You collected 129 gold pieces.

Inventory:

Hand Weapons
 n - a +1 dagger of speed (weapon)
Armour
 b - a +1 robe (worn)
Jewellery
 l - a ring of protection from fire (left hand)
 m - a ring of flight (right hand)
Scrolls
 a - a scroll of teleportation {unknown}
 e - 3 scrolls of identify {unknown}
 f - a scroll of immolation {unknown}
 i - 2 scrolls of remove curse {unknown}
 k - a scroll of magic mapping {unknown}
 o - 2 scrolls of amnesia {unknown}
Potions
 d - 22 potions of blood
 g - a potion of magic {unknown}
 h - a potion of might {unknown}
 j - a potion of curing
 p - a potion of resistance {unknown}
Books
 c - a book of Maledictions

   Spells                             Type                      Level
   a - Corona                         Hexes                        1
   b - Ensorcelled Hibernation        Hexes/Ice                    2
   c - Confuse                        Hexes                        3
   d - Tukima's Dance                 Hexes                        3
   e - Dazzling Spray                 Conjuration/Hexes            3


   Skills:
 - Level 1.4 Short Blades
 + Level 3.4 Dodging
 - Level 5.0 Stealth
 - Level 2.0 Spellcasting
 - Level 4.5 Hexes
 * Level 2.6 Ice Magic


You had 4 spell levels left.
You knew the following spells:

 Your Spells              Type           Power        Failure   Level  Hunger
a - Corona                Hex            ###....      2%          1    #......
b - Ensorcelled Hibernat  Hex/Ice        ##....       10%         2    ###....


Dungeon Overview and Level Annotations

Branches:
Dungeon (3/15)

Altars:
Ashenzari
The Shining One


Innate Abilities, Weirdness & Mutations

You heal slowly.
You have razor-sharp teeth.
You have supernaturally acute eyesight.
You can survive without breathing.


Message History

* * * LOW HITPOINT WARNING * * *
You hit the orc priest but do no damage.
The orc priest is moderately wounded.
The orc priest barely misses you.
You hit the orc priest but do no damage.
The orc priest is moderately wounded.
The orc throws a stone.
The stone misses you.
The stone hits the orc priest but does no damage.
The orc priest calls down the wrath of Beogh upon you.
Pain shoots through your body!
* * * LOW HITPOINT WARNING * * *
You barely miss the orc priest.
The orc priest is moderately wounded.
The orc throws a stone.
The stone misses you.
The stone barely misses the orc priest.
The stone hits the orc but does no damage.
It was a potion of curing.
You feel better.
The orc priest hits you with a hand axe of chopping!
* * * LOW HITPOINT WARNING * * *
You die...

#.....######.############
......)........>....#
......######)#..<...#
.##### #[########
######.(...#
..........#o#
#########.#.# ..#(#
####@# ##############o#
#o...(.o..>())o#
#.##############


You could see an orc priest and 2 orcs.

Vanquished Creatures
  An orc wizard (D:3)
  3 dart slugs
  6 orcs
  2 giant cockroaches (D:2)
  5 hobgoblins
  7 jackals (D:2)
  2 quokkas (D:2)
  7 bats
  2 giant newts
  7 goblins
  6 kobolds
  13 rats
  A bush (D:1)
62 creatures vanquished.

Notes
Turn   | Place    | Note
--------------------------------------------------------------
     0 | D:1      | Lukeanator the Vampire Enchanter began the quest for the Orb.
     0 | D:1      | Reached XP level 1. HP: 13/13 MP: 3/3
   375 | D:1      | Found a shattered altar of Ashenzari.
   435 | D:1      | Reached XP level 2. HP: 19/19 MP: 1/5
   508 | D:1      | Learned a level 2 spell: Ensorcelled Hibernation
  1712 | D:2      | Reached skill level 5 in Stealth
  1751 | D:2      | Reached skill level 1 in Ice Magic
  1771 | D:2      | Reached XP level 3. HP: 24/24 MP: 4/6
  2068 | D:2      | Found a glowing golden altar of the Shining One.
  2526 | D:3      | Reached XP level 4. HP: 30/30 MP: 0/7
  2744 | D:3      | HP: 1/30 [orc priest/nerve-wracking pain (3)]
  2746 | D:3      | Slain by an orc priest

Skill      XL: |  1  2  3 |
---------------+----------+-----
Stealth        | 5 |  5.0
Ice Magic      | 1 2 |  2.6
Dodging        | 3 |  3.4
Short Blades   | |  1.4
Spellcasting   | |  2.0
Hexes          | |  4.5

Action                   |  1- 3 |  4- 6 || total
-------------------------+-------+-------++-------
Melee: Dagger            |   509 |    27 ||   536
       Bite              |    69 |     3 ||    72
 Cast: Corona            |     8 |       ||     8
       Ensorcelled Hiber |    18 |     5 ||    23
  Use: Potion            |       |     2 ||     2
 Stab: Sleeping          |    24 |     4 ||    28
Armor: Robe              |    28 |     4 ||    32
Dodge: Dodged            |    59 |    11 ||    70
